 Dungeon Crawl Stone Soup version 0.31.0-12-g77e489cdc1 (webtiles) character file.

Game seed: 14248446781894053987

556 Curundu the Chopper (level 7, -1/60 HPs)
             Began as a Black Draconian Berserker on Feb 25, 2024.
             Was a Believer of Trog.
             Slain by a steam dragon (8 damage)
             ... on level 4 of the Dungeon.
             The game lasted 00:09:08 (3558 turns).

Curundu the Chopper (Black Draconian Berserker)     Turns: 3558, Time: 00:09:10

Health: -1/60      AC:  6    Str: 21    XL:     7   Next: 8%
Magic:  7/7        EV: 13    Int:  7    God:    Trog [**....]
Gold:   132        SH:  0    Dex: 11    Spells: 6/6 levels left

rFire   . . .        a - +0 hand axe
rCold   . . .        (no shield)
rNeg    . . .        (body armour unavailable)
rPois   +            (helmet restricted)
rElec   +            (no cloak)
rCorr   .            (no gloves)
SInv    .            (no boots)
Will    ++...        (no amulet)
Stlth   ++           l - ring of poison resistance
HPRegen 1.30/turn    (no ring)
MPRegen 0.10/turn

%: no passive effects
@: strong-willed, regenerating
A: breathe lightning, AC +6, unfitting armour, electricity resistance,
cold-blooded
a: Breathe Lightning, Renounce Religion, Berserk, Trog's Hand


You were on level 4 of the Dungeon.
You worshipped Trog.
Trog was pleased with you.
You visited 1 branch of the dungeon, and saw 4 of its levels.

You collected 132 gold pieces.

Inventory:

Hand Weapons
 a - a +0 hand axe (weapon)
Missiles
 m - 5 silver javelins (quivered)
Jewellery
 l - a ring of poison resistance (left hand)
 n - a ring of ice
Wands
 p - a wand of mindburst (14)
Scrolls
 b - a scroll of vulnerability {unknown}
 c - 2 scrolls of fear {unknown}
 h - a scroll of enchant weapon {unknown}
 j - 4 scrolls of identify {unknown}
 k - a scroll of brand weapon {unknown}
 o - a scroll of teleportation {unknown}
Potions
 d - 2 potions of heal wounds {unknown}
 e - a potion of degeneration {unknown}
 f - 4 potions of attraction {unknown}
 g - a potion of might {unknown}
 i - 2 potions of curing {unknown}


   Skills:
 + Level 4.8 Fighting
 + Level 6.0 Axes
 + Level 4.5 Dodging
 * Level 1.4 Stealth


You had 6 spell levels left.
You didn't know any spells.
Your spell library was empty.

Dungeon Overview and Level Annotations

Branches:
Dungeon (4/15)
 Temple: D:4-7

Altars:


Innate Abilities, Weirdness & Mutations

You can breathe wild blasts of lightning.
Your glossy black scales are hard. (AC +6)
You cannot fit into any form of body armour.
You are resistant to electric shocks. (rElec)
You are cold-blooded and may be slowed by cold attacks.


Message History

The adder bites you but does no damage. The adder barely misses you.
You hit the adder.
Your tail-slap misses the adder.
The adder is almost dead.
The adder bites you.
You miss the adder. You tail-slap the adder.
You kill the adder!
Trog accepts your kill. As you open the door, it creaks loudly!
A steam dragon comes into view.
Your skin crawls.
You feel strong-willed. The steam dragon breathes steam at you.
The ball of steam hits you!
You are engulfed in a cloud of scalding steam.
There is an open door here.
You closely miss the steam dragon.
Your tail-slap misses the steam dragon.
The steam dragon barely misses you. x2
You barely miss the steam dragon. The steam dragon barely misses you.
The steam dragon claws you but does no damage.
You closely miss the steam dragon. The steam dragon breathes steam at you.
The ball of steam hits you!
You barely miss the steam dragon.
Your tail-slap misses the steam dragon.
You are engulfed in a cloud of scalding steam.
The steam dragon bites you but does no damage.
The steam dragon barely misses you.
You closely miss the steam dragon.
You are engulfed in a cloud of scalding steam.
The steam dragon misses you. The steam dragon claws you.
You closely miss the steam dragon.
You are engulfed in a cloud of scalding steam.
* * * LOW HITPOINT WARNING * * *
The steam dragon misses you. x2
You hit the steam dragon but do no damage.
You tail-slap the steam dragon.
The steam dragon is lightly wounded.
You are engulfed in a cloud of scalding steam.
* * * LOW HITPOINT WARNING * * *
The steam dragon bites you!
You die...

#.#.###..# #.#.#### #.#
#.....#......#.# #.#
###.#.##.....#.# #.#
....#.########+# #.# #####.#
##...## #.# ##.# ##.....##
#.#### ##..# ##.......##
##....#
###...####.......§.####...#.#
.........+......@..'........#
###...####......D§.###......#
##..# ##.......## #.#.####
##.# ##.....## #.### #.#
##...## #.# #.# ##+# #.# .#
#.# #.#


You could see a steam dragon (catching breath).

Vanquished Creatures
  The ghost of Cheops the Insei, an amateur OpSh of Uskayaw (D:3)
  An ogre (D:3)
  A hound (D:3)
  A gnoll bouda (D:3)
  Ijyb (D:4)
  Natasha (thrice) (D:3)
  4 gnolls (D:3)
  8 adders
  A dart slug (D:2)
  3 ribbon worms
  An orc (D:3)
  4 ball pythons
  7 bats
  4 endoplasms
  8 giant cockroaches
  12 goblins
  8 hobgoblins
  4 quokkas
  3 frilled lizards
  5 kobolds
  2 rats
82 creatures vanquished.

Notes
Turn   | Place    | Note
-------+----------+-------------------------------------------
     0 | D:1      | Curundu the Draconian Berserker began the quest for the
                  | Orb.
     0 | D:1      | Reached XP level 1. HP: 19/19 MP: 1/1
    73 | D:1      | Reached XP level 2. HP: 26/26 MP: 2/2
   999 | D:2      | Reached XP level 3. HP: 13/33 MP: 3/3
  1289 | D:2      | Reached ** piety under Trog
  1609 | D:2      | Found a faded altar of an unknown god.
  1756 | D:3      | Noticed an ogre
  1768 | D:3      | Killed an ogre
  1769 | D:3      | Reached skill level 4 in Axes
  1769 | D:3      | Reached XP level 4. HP: 5/40 MP: 4/4
  1769 | D:3      | Reached XP level 5. HP: 6/46 MP: 5/5
  2145 | D:3      | Reached skill level 1 in Stealth
  2226 | D:3      | Noticed Natasha
  2249 | D:3      | Killed Natasha
  2439 | D:3      | Noticed Natasha
  2448 | D:3      | Killed Natasha
  2485 | D:3      | Reached skill level 5 in Axes
  2485 | D:3      | Reached XP level 6. HP: 53/53 MP: 6/6
  2500 | D:3      | Noticed Natasha
  2512 | D:3      | Killed Natasha
  2566 | D:3      | Found a runed translucent door.
  2568 | D:3      | Noticed Cheops's ghost (amateur OpSh)
  2599 | D:3      | Killed Cheops's ghost
  2948 | D:3      | Reached *** piety under Trog
  3144 | D:4      | Noticed Ijyb
  3156 | D:4      | Killed Ijyb
  3157 | D:4      | Reached skill level 6 in Axes
  3157 | D:4      | Your scales start taking on a glossy black colour.
  3157 | D:4      | Reached XP level 7. HP: 60/60 MP: 7/7
  3157 | D:4      | Gained mutation: You are resistant to electric shocks.
                  | (rElec) [Black Draconian growth]
  3546 | D:4      | Noticed a steam dragon
  3558 | D:4      | Slain by a steam dragon

Illustrated notes

Levels and vault maps discovered:
D:1:      dpeg_arrival_stone_temple_mockup, layout_basic, serial_curves,
          eino_curves_02, eino_curves_01, eino_curves_03
D:2:      layout_rooms, shapermc_ecumenical_altar_hornbeckon
D:3:      layout_rooms, ebering_ghost_sewer_d, uniq_natasha
D:4:      layout_loops_corners, uniq_ijyb

Skill      XL: |  1  2  3  4  5  6 |
---------------+-------------------+-----
Dodging        | 3 4 |  4.5
Fighting       | 4 |  4.8
Axes           | 4 5 6 |  6.0
Stealth        | 1 |  1.4

Action                     |  1- 3 |  4- 6 |  7- 9 || total
---------------------------+-------+-------+-------++-------
  Melee: Hand axe          |   118 |   120 |    19 ||   257
         Tailslap          |    14 |    18 |     2 ||    34
         Punch             |     2 |     1 |       ||     3
 Invoke: Berserk           |     2 |     3 |       ||     5
         Trog's Hand       |       |     2 |     1 ||     3
   Stab: Sleeping          |     1 |       |       ||     1
 Armour: Skin              |    98 |    95 |    20 ||   213
  Dodge: Dodged            |   132 |    99 |    20 ||   251
